 Dungeon Crawl Stone Soup version 0.30.1-9-gdf580d7c3d (webtiles) character file.

Game seed: 12283756857720228160

41 SquareCircle the Poker (level 3, -1/30 HPs)
             Began as a Minotaur Gladiator on Oct 22, 2023.
             Slain by a gnoll
             ... wielding a +0 spear
              (7 damage)
             ... on level 3 of the Dungeon.
             The game lasted 00:04:35 (435 turns).

SquareCircle the Poker (Minotaur Gladiator)          Turns: 435, Time: 00:04:36

Health: -1/30      AC:  3    Str: 20    XL:     3   Next: 32%
Magic:  2/2        EV: 12    Int:  5    God:
Gold:   42         SH:  0    Dex: 11    Spells: 2/2 levels left

rFire   . . .        g - +2 halberd (heavy)
rCold   . . .        (shield currently unavailable)
rNeg    . . .        b - +0 leather armour
rPois   .            c - +0 hat
rElec   .            (no cloak)
rCorr   .            (no gloves)
SInv    .            (no boots)
Will    +....        (no amulet)
Stlth   +            f - ring of willpower
HPRegen 0.25/turn    (no ring)
MPRegen 0.08/turn

%: no passive effects
@: no status effects
A: horns 2, retaliatory headbutt
a: no special abilities


You were on level 3 of the Dungeon.
You visited 1 branch of the dungeon, and saw 3 of its levels.

You collected 42 gold pieces.

Inventory:

Hand Weapons
 a - a +0 trident
 g - a +2 heavy halberd (weapon)
Missiles
 d - 3 throwing nets (quivered)
 e - a javelin
Armour
 b - a +0 leather armour (worn)
 c - a +0 hat (worn)
Jewellery
 f - a ring of willpower (left hand)
Scrolls
 h - a scroll of amnesia {unknown}
 i - a scroll of vulnerability


   Skills:
 + Level 2.7 Fighting
 + Level 4.4 Polearms
 + Level 2.1 Throwing
 + Level 0.3 Armour
 + Level 3.9 Dodging


You had 2 spell levels left.
You didn't know any spells.
Your spell library was empty.

Dungeon Overview and Level Annotations

Branches:
Dungeon (3/15)

Altars:


Innate Abilities, Weirdness & Mutations

You have a pair of horns on your head.
You reflexively headbutt those who attack you in melee.


Message History

Increase (S)trength, (I)ntelligence, or (D)exterity?
You feel stronger. x2
There is a stone staircase leading down here.
You climb downwards.
There is a stone staircase leading up here.
You open the door.
A hobgoblin comes into view.
The hobgoblin shouts!
A gnoll comes into view. It is wielding a +0 spear.
There is an open door here.
A gnoll comes into view. It is wielding a +0 halberd.
The gnoll shouts! x2; You hear a shout!
The hobgoblin hits you.
You impale the hobgoblin!!
You kill the hobgoblin!
The gnoll hits you from afar with a +0 spear.
The gnoll misses you. The gnoll barely misses you.
You closely miss the gnoll. The gnoll barely misses you. x2
The gnoll closely misses you. The gnoll hits you with a +0 halberd!
You completely miss the gnoll. The gnoll hits you with a +0 halberd.
* * * LOW HITPOINT WARNING * * *
The gnoll hits you with a +0 spear.
* * * LOW HITPOINT WARNING * * *
A gnoll comes into view. It is wielding a +0 spear.
The gnoll closely misses you. You furiously retaliate!
You headbutt the gnoll. The gnoll closely misses you.
The gnoll shouts!
The gnoll closely misses you. The gnoll barely misses you.
There is an open door here.
Setting a skill training target for Throwing at 6.0.
You slice the gnoll!!
You kill the gnoll!
A gnoll comes into view. It is wielding a +0 spear.
The gnoll hits you from afar with a +0 spear.
* * * LOW HITPOINT WARNING * * *
The gnoll moves out of view.
A quokka comes into view.
The gnoll hits you with a +0 spear!
You die...

#........##.
####.........
######'#####...
#.....g....# ..
#....).....# .
#..........#
######g#####
#.....g<...#
#.##.#@###.#
#.#.# # #.# ...
##.## ..# #r.
#.# ...


You could see 3 gnolls and a quokka.

Vanquished Creatures
  A gnoll (D:3)
  An adder (D:2)
  A worm (D:2)
  2 endoplasms
  A giant cockroach (D:2)
  3 hobgoblins
  2 kobolds (D:2)
  A quokka (D:1)
  3 ball pythons
  2 bats (D:1)
  A frilled lizard (D:2)
  A rat (D:1)
19 creatures vanquished.

Notes
Turn   | Place    | Note
-------+----------+-------------------------------------------
     0 | D:1      | SquareCircle the Minotaur Gladiator began the quest for the
                  | Orb.
     0 | D:1      | Reached XP level 1. HP: 18/18 MP: 0/0
   277 | D:2      | Reached skill level 4 in Polearms
   287 | D:2      | Reached XP level 2. HP: 24/25 MP: 1/1
   296 | D:2      | Identified a scroll of acquirement
   296 | D:2      | Acquired a +2 heavy halberd
   404 | D:2      | Reached XP level 3. HP: 20/30 MP: 2/2
   435 | D:3      | Slain by a gnoll

Illustrated notes

Levels and vault maps discovered:
D:1:      dpeg_arrival_windows_large_door, layout_loops_corners, serial_glass,
          glass_columns_b, glass_columns_a, serial_shops, shop
D:2:      minmay_spotlight, layout_basic, minmay_pentomino_t2
D:3:      layout_basic, nicolae_elyvilon_peaceful_grove,
          grunt_temple_overflow_open

Skill      XL: |  1 |
---------------+----+-----
Polearms       | 4 |  4.4
Fighting       | |  2.7
Throwing       | |  2.1
Armour         | |  0.3
Dodging        | |  3.9

Action                     || total
---------------------------++-------
  Melee: Trident           ||    21
         Headbutt          ||     5
         Halberd           ||    12
    Use: Scroll            ||     3
 Armour: Leather armour    ||    11
  Dodge: Dodged            ||    25
